 Dungeon Crawl Stone Soup version 0.20.0-15-g7f486f2 (webtiles) character file.

70 Chiseanne the Magician (level 4, 25/30 HPs)
             Began as a Demonspawn Wizard on June 15, 2017.
             Quit the game on level 2 of the Dungeon.
             The game lasted 00:03:19 (2206 turns).

Chiseanne the Magician (Demonspawn Wizard)          Turns: 2206, Time: 00:03:20

Health: 25/30      AC:  3    Str:  8    XL:     4   Next: 4%
Magic:  1/10       EV: 11    Int: 20    God:
Gold:   91         SH:  0    Dex: 13    Spells: 2/11 levels left

rFire    + . .     SeeInvis .   a - +1 dagger
rCold    . . .     Gourm    .   (no shield)
rNeg     . . .     Faith    .   i - +0 leather armour (curse)
rPois    .         Spirit   .   b - +0 hat
rElec    .         Reflect  .   (no cloak)
rCorr    .         Harm     .   (no gloves)
MR       .....                  (no boots)
Stlth    ++........             (no amulet)
Regen    0.1/turn               j - ring of protection from fire
MPRegen  0.2/turn               (no ring)

@: no status effects
A: talons 1, thin skeletal structure 1, powered by pain 1
a: no special abilities


You were on level 2 of the Dungeon.
You were hungry.

You visited 1 branch of the dungeon, and saw 2 of its levels.

You collected 91 gold pieces.

Inventory:

Hand Weapons
 a - a +1 dagger (weapon)
Missiles
 e - 9 stones (quivered)
 h - 7 curare-tipped needles
 l - 51 arrows
Armour
 b - a +0 hat (worn)
 f - a +0 robe
 i - a cursed +0 leather armour (worn)
Jewellery
 j - a ring of protection from fire (left hand)
Scrolls
 g - a scroll of amnesia {unknown}
Potions
 k - a potion of curing
Comestibles
 c - a royal jelly
 d - a bread ration
 m - a meat ration


   Skills:
 - Level 1.7 Dodging
 - Level 1.7 Stealth
 * Level 4.0 Spellcasting
 * Level 2.6 Conjurations
   Level 1.0 Summonings
 - Level 0.8 Translocations


You had 2 spell levels left.
You knew the following spells:

 Your Spells              Type           Power        Failure   Level  Hunger
a - Magic Dart            Conj           ##..         6%          1    None
b - Blink                 Tloc           N/A          21%         2    #......
c - Conjure Flame         Conj/Fire      #.......     32%         3    ###....
d - Mephitic Cloud        Conj/Pois/Air  #.......     36%         3    ###....


Dungeon Overview and Level Annotations

Branches:
Dungeon (2/15)

Altars:
Ru


Innate Abilities, Weirdness & Mutations

You have sharp toenails.
You have a somewhat thin skeletal structure. (Dex +2, Stealth)
You sometimes gain a little power by taking damage.


Message History

The gnoll is almost dead.
Casting: Magic Dart
Confirm with . or Enter, or press ? or * to list all spells.
Aiming: Magic Dart
Press: ? - help, Shift-Dir - straight line, f/p - gnoll
Aim: a gnoll, wielding a flail (severely wounded)
The magic dart hits the gnoll.
The gnoll is almost dead.
Casting: Magic Dart
Confirm with . or Enter, or press ? or * to list all spells.
Aiming: Magic Dart
Press: ? - help, Shift-Dir - straight line, f/p - gnoll
Aim: a gnoll, wielding a flail (almost dead)
The magic dart hits the gnoll.
You kill the gnoll!
Your Spellcasting skill increases to level 4!
You have reached level 4!
You feel stronger.
Your demonic ancestry asserts itself...
Your toenails lengthen and sharpen.
Are you sure you want to abandon this character and quit the game? (Confirm with "yes".)

###[......#
#.........#
#.........#
#.........# #
###....###.## .
#.....## +# .
#.#...## #.....
#.#.)..#######.....
#>.@)...''..........
#.#.....##..........
#.#.....##..........
#......#.).........
######.##....).....
#.#...<.......
#.#.....g.....
##+#.#.....#.####
............ #


There were no monsters in sight!

Vanquished Creatures
  3 gnolls (D:2)
  An adder (D:1)
  A dart slug (D:2)
  5 bats
  A giant cockroach (D:1)
  3 goblins
  2 hobgoblins (D:1)
  2 jackals (D:1)
  8 kobolds
  A frilled lizard (D:1)
  5 rats (D:1)
32 creatures vanquished.

Notes
Turn   | Place    | Note
-------+----------+-------------------------------------------
     0 | D:1      | Chiseanne the Demonspawn Wizard began the quest for the Orb.
     0 | D:1      | Reached XP level 1. HP: 13/13 MP: 4/4
   538 | D:1      | Gained mutation: You sometimes gain a little power by taking damage. [demonic ancestry]
   538 | D:1      | Reached XP level 2. HP: 18/19 MP: 1/6
   979 | D:1      | Learned a level 2 spell: Blink
  1436 | D:1      | Gained mutation: You have a somewhat thin skeletal structure. (Dex +2, Stealth) [demonic ancestry]
  1436 | D:1      | Reached XP level 3. HP: 21/24 MP: 4/8
  1646 | D:1      | Learned a level 3 spell: Conjure Flame
  1650 | D:1      | Learned a level 3 spell: Mephitic Cloud
  1695 | D:2      | Found a sacrificial altar of Ru.
  2205 | D:2      | Reached skill level 4 in Spellcasting
  2205 | D:2      | Gained mutation: You have sharp toenails. [demonic ancestry]
  2205 | D:2      | Reached XP level 4. HP: 25/30 MP: 1/10
  2206 | D:2      | Quit the game

Skill      XL: |  1  2  3 |
---------------+----------+-----
Conjurations   | 2 |  2.6
Spellcasting   | 4 |  4.0
Dodging        | |  1.7
Stealth        | |  1.7
Summonings     | |  1.0
Translocations | |  0.8

Action                   |  1- 3 |  4- 6 || total
-------------------------+-------+-------++-------
Melee: Unarmed           |    21 |       ||    21
       Dagger            |    20 |       ||    20
 Cast: Magic Dart        |   103 |     1 ||   104
  Use: Scroll            |     3 |       ||     3
       Potion            |     2 |       ||     2
  Eat: Chunk             |     3 |       ||     3
Armor: Robe              |     6 |       ||     6
       Leather armour    |    26 |       ||    26
Dodge: Dodged            |    74 |       ||    74
